 Dungeon Crawl Stone Soup version 0.26.1-11-gd32895ea62 (webtiles) character file.

Game seed: 12239908521813323125

89 phalm the Chiller (level 4, -3/31 HPs)
             Began as a Demonspawn Ice Elementalist on June 12, 2021.
             Killed from afar by a white imp (6 damage)
             ... with a puff of frost
             ... on level 2 of the Dungeon.
             The game lasted 00:04:03 (2018 turns).

phalm the Chiller (Demonspawn Ice Elementalist)     Turns: 2018, Time: 00:04:04

Health: -3/31      AC:  5    Str:  8    XL:     4   Next: 31%
Magic:  3/9        EV: 12    Int: 18    God:
Gold:   118        SH:  0    Dex: 13    Spells: 3/10 levels left

rFire    . . .     SeeInvis .   e - +0 short sword
rCold    . . .     Faith    .   (no shield)
rNeg     . . .     Spirit   .   a - +0 robe
rPois    .         Reflect  .   (no helmet)
rElec    .         Harm     .   (no cloak)
rCorr    .         Rampage  .   (no gloves)
Will     .....                  j - +0 pair of boots
Stlth    ++........             (no amulet)
HPRegen  0.10/turn              (no ring)
MPRegen  0.11/turn              (no ring)

@: frozen ramparts, very slightly contaminated
A: rugged brown scales 2
a: no special abilities


You were on level 2 of the Dungeon.
You visited 1 branch of the dungeon, and saw 2 of its levels.

You collected 118 gold pieces.


Innate Abilities, Weirdness & Mutations

You are mostly covered in rugged brown scales. (AC +2, +5% HP)


   Skills:
 - Level 1.7 Dodging
 - Level 1.7 Stealth
 * Level 3.7 Spellcasting
 + Level 4.2 Ice Magic


You had 3 spell levels left.
You knew the following spells:

 Your Spells              Type           Power        Failure   Level
f - Freeze                Ice            72%          2%          1
o - Ozocubu's Armour      Ice            18%          8%          3
r - Frozen Ramparts       Ice            36%          8%          3

Your spell library contained the following spells:

 Spells                   Type           Power        Failure   Level
 Hailstorm                Conj/Ice       10%          54%         4
 Summon Ice Beast         Ice/Summ       10%          54%         4

Inventory:

Hand Weapons
 e - a +0 short sword (weapon)
   (You found it on level 1 of the Dungeon)
Missiles
 d - 5 boomerangs
 f - 31 stones
 h - 3 atropa-tipped darts
 m - a throwing net {=f!f}
Armour
 a - a +0 robe (worn)
 j - a +0 pair of boots (worn)
   (You found it on level 1 of the Dungeon)
Scrolls
 c - 4 scrolls of fog {unknown}
 g - 3 scrolls of identify {unknown}
 l - a scroll of remove curse {unknown}
 o - a scroll of immolation {unknown}
Potions
 b - a potion of invisibility {unknown}
 i - 2 potions of haste {unknown}
 k - a potion of curing {unknown}
 n - 2 potions of heal wounds {unknown}

Dungeon Overview and Level Annotations

Branches:
Dungeon (2/15)

Altars:

#.#.......#
#.#.......#########
#.#......).........
#.#.#####..........
###.#................
#....######..........
#....'.<# #..........
#....#######†########
#..b@# #.††......#
#.....)5# #.........#
#.##...†# #.........#
# #.#.#.# #.........#
#...#... #.........#
#.#.# #.# ###.#######
...# .#. #.# .# # #
#'# .g.


You could see a white imp and a bat.


Message History

A white imp is nearby!
A kobold comes into view.
The kobold shouts!
The goblin shouts!
The white imp shouts!
A bat comes into view.
You miss the bat. The bat barely misses you.
You hit the white imp. The bat hits you but does no damage.
The white imp gestures at you. The puff of frost misses you.
You hit the white imp but do no damage. The bat hits you but does no damage.
The white imp gestures at you. The puff of frost hits you!
The goblin barely misses you. 😮 HP[-10]
You take 10 damage, and now have 21/31 hp.
MASSIVE DAMAGE!! (PAUSE)
Casting: Freeze (safe; 2% risk of failure)
Confirm with . or Enter, or press ? or * to list all spells.
Okay, then.
Casting: Freeze (safe; 2% risk of failure)
Confirm with . or Enter, or press ? or * to list all spells.
The spell is quite dangerous to cast (9% risk of failure)!
Continue anyway? [Y]es or [N]o only, please.
The spell is quite dangerous to cast (9% risk of failure)!
Continue anyway?
Okay, then.
Casting: Frozen Ramparts (quite dangerous; 9% risk of failure)
Confirm with . or Enter, or press ? or * to list all spells.
The spell is quite dangerous to cast (9% risk of failure)!
Continue anyway?
Casting: Frozen Ramparts (quite dangerous; 9% risk of failure)
Press: ? - help, Dir - look around, f - activate You miscast Frozen Ramparts.
You are very lightly contaminated with residual magic.
Nothing appears to happen.
The bat misses you. The white imp closely misses you.
The goblin barely misses you. 😮 MP[-3]
You lost 3 mp, and now have 6/9 mp.
Casting: Frozen Ramparts (quite dangerous; 9% risk of failure)
Confirm with . or Enter, or press ? or * to list all spells.
The spell is quite dangerous to cast (9% risk of failure)!
Continue anyway?
Casting: Frozen Ramparts (quite dangerous; 9% risk of failure)
Press: ? - help, Dir - look around, f - activate The walls around you are covered in ice.
A bat comes into view.
The bat closely misses you.
The white imp resists.
The wall freezes the white imp.
The white imp barely misses you. The goblin barely misses you. 😮 MP[-3]
You lost 3 mp, and now have 3/9 mp.
You hit the bat but do no damage. The bat misses you.
The white imp completely resists.
The wall freezes the white imp but does no damage.
The white imp hits you. The white imp freezes you.
The wall freezes the kobold.
The goblin closely misses you. 😮 HP[-4]
You take 4 damage, and now have 17/31 hp.
You hit the goblin.
You kill the goblin!
The wall freezes the bat.
The bat barely misses you.
The wall freezes the bat.
The bat hits you but does no damage.
The white imp completely resists.
The wall freezes the white imp but does no damage.
The white imp hits you.
* * * LOW HITPOINT WARNING * * *
The white imp freezes you.
* * * LOW HITPOINT WARNING * * *
The wall freezes the kobold.
You kill the kobold!
The wall freezes the bat.
You kill the bat!
The bat hits you.
* * * LOW HITPOINT WARNING * * *
😨 HP[-5]
You take 5 damage, and now have 12/31 hp.
You hit the bat but do no damage. The bat hits you but does no damage.
The white imp completely resists.
The wall freezes the white imp but does no damage.
The white imp shouts, "Despair, thou jarring hasty-witted mendicant!"
The white imp hits you.
* * * LOW HITPOINT WARNING * * *
The white imp freezes you.
* * * LOW HITPOINT WARNING * * *
😱 HP[-5]
You take 5 damage, and now have 7/31 hp.
You closely miss the bat. The bat barely misses you.
The white imp completely resists.
The wall freezes the white imp but does no damage.
The white imp hits you.
* * * LOW HITPOINT WARNING * * *
The white imp freezes you.
* * * LOW HITPOINT WARNING * * *
😱 HP[-5]
You take 5 damage, and now have 2/31 hp.
Casting: Frozen Ramparts (quite dangerous; 8% risk of failure)
Confirm with . or Enter, or press ? or * to list all spells.
Aiming: Freeze (safe; 2% risk of failure)
Press: ? - help, Shift-Dir - straight line, f - white imp
Aim: a white imp (moderately wounded)
Okay, then.
You hit the white imp but do no damage.
The white imp completely resists.
The wall freezes the white imp but does no damage.
The white imp gestures at you. The puff of frost hits you.
You die...

Skill      XL: |  1  2  3 |
---------------+----------+-----
Spellcasting   | 3 |  3.7
Ice Magic      | 4 |  4.2
Dodging        | |  1.7
Stealth        | |  1.7

Action                   |  1- 3 |  4- 6 || total
-------------------------+-------+-------++-------
Melee: Short sword       |    98 |    31 ||   129
       Unarmed           |     2 |       ||     2
 Cast: Freeze            |    25 |     8 ||    33
       Frozen Ramparts   |       |     1 ||     1
 Stab: Sleeping          |     4 |       ||     4
Armor: Robe              |    35 |     8 ||    43
Dodge: Dodged            |    76 |    35 ||   111

Levels and vault maps discovered:
D:1:      grunt_arrival_lava_bath, layout_basic, bh_walls_and_bars
D:2:      layout_basic, kennysheep_crisscross

Notes
Turn   | Place    | Note
-------+----------+-------------------------------------------
     0 | D:1      | phalm the Demonspawn Ice Elementalist began the quest for
                  | the Orb.
     0 | D:1      | Reached XP level 1. HP: 13/13 MP: 3/3
     0 | D:1      | magus.rc [v1.9.10]
   405 | D:1      | Gained mutation: You are partially covered in rugged brown
                  | scales. (AC +1, +3% HP) [demonic ancestry]
   405 | D:1      | Reached XP level 2. HP: 11/19 MP: 0/5
  1228 | D:2      | Reached skill level 3 in Spellcasting
  1228 | D:2      | Reached XP level 3. HP: 23/24 MP: 5/7
  1387 | D:2      | Learned a level 3 spell: Frozen Ramparts
  1391 | D:2      | Learned a level 3 spell: Ozocubu's Armour
  1417 | D:2      | Reached skill level 4 in Ice Magic
  1442 | D:2      | HP: 5/24 [gnoll (4)]
  1454 | D:2      | Gained mutation: You are mostly covered in rugged brown
                  | scales. (AC +2, +5% HP) [demonic ancestry]
  1454 | D:2      | Reached XP level 4. HP: 5/31 MP: 0/9
  2016 | D:2      | HP: 7/31 [white imp (4)]
  2017 | D:2      | HP: 2/31 [white imp (2)]
  2018 | D:2      | Killed from afar by a white imp

Vanquished Creatures
  4 gnolls (D:2)
  An adder (D:2)
  A worm (D:2)
  A ball python (D:2)
  A bat (D:2)
  6 giant cockroaches
  7 goblins
  4 hobgoblins
  7 kobolds
  A quokka (D:2)
  3 frilled lizards
  2 rats
38 creatures vanquished.

Table legend:
 A = Non-vault XP
 B = Vault XP
 C = Vault XP percentage of total XP
 D = Non-vault monster count
 E = Vault monster count
 F = Vault count percentage of total count
                 A         B        C        D         E       F
            +---------+---------+-------+---------+---------+-------
      Total |     128 |       0 |   0.0 |      38 |       0 |   0.0
            +---------+---------+-------+---------+---------+-------
        D:1 |      20 |       0 |   0.0 |      13 |       0 |   0.0
        D:2 |     108 |       0 |   0.0 |      25 |       0 |   0.0
            +---------+---------+-------+---------+---------+-------

Illustrated notes

Table legend:
 A = Kills in this place as a percentage of kills in entire the game.
 B = Kills by you in this place as a percentage of kills by you in the entire game.
 C = Kills by friends in this place as a percentage of kills by friends in the entire game.
 D = Other kills in this place as a percentage of other kills in the entire game.
 E = Experience gained in this place as a percentage of experience gained in the entire game.
 F = Experience gained in this place divided by the number of levels of this place that you have seen.
                   A       B       C       D       E      F
               +-------+-------+-------+-------+-------+----------------------
         Total | 100.0 | 100.0 |   N/A |   N/A | 100.0 |  64.0
       Dungeon | 100.0 | 100.0 |   N/A |   N/A | 100.0 |  64.0
               +-------+-------+-------+-------+-------+----------------------

Table legend: (Time is in decaauts)
 A = Elapsed time spent in this place.
 B = Non-inter-level travel time spent in this place.
 C = Inter-level travel time spent in this place.
 D = Time resting spent in this place.
 E = Time spent auto-exploring this place.
 F = Levels seen in this place.
 G = Mean time per level.
                   A        B        C        D        E       F      G
               +--------+--------+--------+--------+--------+-----+--------+
         Total |   2030 |   2005 |     25 |      0 |   1651 |   2 | 1015.0 |
       Dungeon |   2030 |   2005 |     25 |      0 |   1651 |   2 | 1015.0 |
               +--------+--------+--------+--------+--------+-----+--------+

Top non-repeatable levels by time:
     D:1: 1032 daAuts
     D:2: 997 daAuts
